 Dungeon Crawl Stone Soup version 0.29.0-11-gd7f09526c8 (webtiles) character file.

Game seed: 11124935739652100959

109 browni3141 the Ruffian (level 4, -4/35 HPs)
             Began as a Ghoul Enchanter on Sept 5, 2022.
             Was a Believer of Lugonu.
             Killed from afar by an orc wizard (5 damage)
             ... with a puff of flame
             ... on level 3 of the Dungeon.
             The game lasted 00:05:21 (2520 turns).

browni3141 the Ruffian (Ghoul Enchanter)            Turns: 2520, Time: 00:05:21

Health: -4/35      AC:  5    Str: 13    XL:     4   Next: 90%
Magic:  5/5        EV: 11    Int: 14    God:    Lugonu [**....]
Gold:   67         SH:  0    Dex:  9    Spells: 6/6 levels left

rFire   + . .      SeeInvis .   o - +5 hammer of the Equinox {flame, rPois rC- Int+4}
rCold   + . .      Faith    +   (no shield)
rNeg    + + +      Spirit   .   c - +2 leather armour {Will+}
rPois   ∞          Reflect  .   (no helmet)
rElec   .          Harm     .   j - scarf {rC+ rF+}
rCorr   .          Rampage  .   (no gloves)
Will    +....                   (no boots)
Stlth   ++........              H - amulet of faith {!P}
HPRegen 0.00/turn               (no ring)
MPRegen 0.09/turn               (no ring)

@: inhibited regen
A: claws 1, cold resistance 1, negative energy resistance 3, inhibited
regeneration, torment resistance 2, devour on kill
a: Renounce Religion, Depart the Abyss, Bend Space


You were on level 3 of the Dungeon.
You worshipped Lugonu.
Lugonu was pleased with you.
You visited 1 branch of the dungeon, and saw 3 of its levels.

You collected 67 gold pieces.


Innate Abilities, Weirdness & Mutations

You are immune to poison.
You have sharp fingernails.
Your flesh is cold resistant. (rC+)
You are immune to negative energy. (rN+++)
You do not regenerate when monsters are visible.
You are immune to unholy pain and torment.
You thrive by killing the living.


   Skills:
 - Level 1.0 Fighting
 - Level 0.8 Short Blades
 - Level 1.7 Dodging
 - Level 3.2 Stealth
 * Level 4.6 Unarmed Combat
 - Level 1.7 Spellcasting
 - Level 2.4 Hexes


You had 6 spell levels left.
You didn't know any spells.
Your spell library contained the following spells:

 Spells                   Type           Power      Damage    Failure   Level
 Ensorcelled Hibernation  Hex/Ice        8%         N/A       28%         2
 Confusing Touch          Hex            7%         N/A       34%         3
 Tukima's Dance           Hex            7%         N/A       34%         3
 Dazzling Flash           Conj/Hex       8%         N/A       50%         3
 Irradiate                Conj/Tmut      0%         3d11      100%        5
 Blade Hands              Tmut           Unusable   N/A       N/A         5
 Dragon Form              Tmut           Unusable   N/A       N/A         7

Inventory:

Hand Weapons
 a - a +1 dagger
 o - the +5 hammer of the Equinox (weapon) {flame, rPois rC- Int+4}
   (You found it on level 2 of the Dungeon)

   It burns those it strikes, dealing additional fire damage.
   Int:       It affects your intelligence (+4).
   rC:        It makes you vulnerable to cold.
   rPois:     It protects you from poison.
Armour
 b - a +0 robe
 c - a +2 leather armour of willpower (worn)
 e - a +0 chain mail
 j - a scarf of resistance (worn)
Jewellery
 H - an amulet of faith (around neck) {!P}
Scrolls
 d - 4 scrolls of identify {unknown}
 f - a scroll of poison {unknown}
 g - a scroll of teleportation {unknown}
 i - a scroll of enchant armour {unknown}
 k - a scroll of torment {unknown}
 l - a scroll of acquirement {unknown}
 m - a scroll of brand weapon {unknown}
 p - a scroll of noise {unknown}
Potions
 h - a potion of curing {unknown}
 n - a potion of cancellation {unknown}

Dungeon Overview and Level Annotations

Branches:
Dungeon (3/15)

Altars:
Dithmenos
Xom
Lugonu

Shops:
D:2 ?

Annotations:
D:2 1 runed translucent door, Crazy Yiuf, Natasha

##............###.#.#
#.............# ########
#...).......#.# ##...#..
#...........#.###.......
#.....##.##....#?....†..
♣#)#....#.......##.......
#......).###.#.#.##...#..
.......##.###{##..#....#######
....... #.# #@#..#####.#
....... ..# #..>.........
......##### #########.###
...... ...... .....=


There were no monsters in sight!


Message History

You closely miss the orc.
The orc is moderately wounded.
The orc barely misses you. The orc hits you with a +0 whip.
* * * LOW HITPOINT WARNING * * *
You hit the orc. You burn the orc.
You kill the orc!
Lugonu accepts your kill.
You closely miss something.
You hear some strange, mumbled words.
A magic dart appears from out of thin air!
The magic dart hits you.
* * * LOW HITPOINT WARNING * * *
You miss something. Something hits you.
* * * LOW HITPOINT WARNING * * *
Something hits you but does no damage.
You barely miss something. Something hits you.
* * * LOW HITPOINT WARNING * * *
You barely miss something. Something hits you.
* * * LOW HITPOINT WARNING * * *
Something hits you but does no damage.
You miss something. Something hits you.
* * * LOW HITPOINT WARNING * * *
You barely miss something. Something hits you.
* * * LOW HITPOINT WARNING * * *
Okay, then.
You closely miss something.
You hear some strange, mumbled words.
A puff of flame appears from out of thin air!
The puff of flame hits you. You resist.
You die...

Skill      XL: |  1  2  3  4 |
---------------+-------------+-----
Unarmed Combat | 1 2 3 4 |  4.6
Fighting       | 1 |  1.0
Short Blades   | |  0.8
Dodging        | |  1.7
Stealth        | |  3.2
Spellcasting   | |  1.7
Hexes          | |  2.4

Action                   |  1- 3 |  4- 6 || total
-------------------------+-------+-------++-------
Melee: Unarmed           |   131 |    27 ||   158
       Punch             |     2 |     1 ||     3
       Mace              |       |    27 ||    27
  Use: Potion            |     1 |     1 ||     2
 Stab: Sleeping          |     6 |       ||     6
Armor: Robe              |    25 |     2 ||    27
       Leather armour    |       |    10 ||    10
Dodge: Dodged            |    73 |    22 ||    95

Levels and vault maps discovered:
D:1:      amcnicky_arrival_abandoned_market, layout_basic,
          basic_ecumenical_altar
D:2:      layout_basic, serial_shops, nicolae_shop_advertising_works
          [nicolae_subvault_shop_adworks], uniq_crazy_yiuf_cottage, uniq_natasha
D:3:      layout_basic, grunt_temple_overflow_order_and_chaos_1,
          marbit_many_paths, fedhas_altar_fruit_tree

Notes
Turn   | Place    | Note
-------+----------+-------------------------------------------
     0 | D:1      | browni3141 the Ghoul Enchanter began the quest for the Orb.
     0 | D:1      | Reached XP level 1. HP: 14/14 MP: 2/2
   121 | D:1      | Found a faded altar of an unknown god.
   144 | D:1      | Reached skill level 1 in Unarmed Combat
   153 | D:1      | Reached XP level 2. HP: 16/20 MP: 3/3
   181 | D:1      | Reached skill level 2 in Unarmed Combat
   347 | D:1      | Reached skill level 1 in Fighting
   353 | D:1      | Prayed at the altar of an unknown god.
   353 | D:1      | Became a worshipper of Lugonu the Unformed
   353 | D:1      | Reached * piety under Lugonu
   353 | D:1      | Reached ** piety under Lugonu
   475 | D:1      | Reached XP level 3. HP: 26/28 MP: 4/4
   840 | D:1      | Identified a scarf of resistance
   978 | D:2      | Reached skill level 3 in Unarmed Combat
  1286 | D:2      | Found Loafy's Magic Scroll Boutique.
  1623 | D:3      | Reached XP level 4. HP: 13/35 MP: 5/5
  1624 | D:3      | Killed an angel
  1927 | D:3      | Found a shadowy altar of Dithmenos.
  1954 | D:2      | Reached skill level 4 in Unarmed Combat
  2160 | D:2      | Noticed Natasha
  2203 | D:2      | Found a runed translucent door.
  2203 | D:2      | Identified the +5 hammer of the Equinox {flame, rPois rC-
                  | Int+4}
  2204 | D:2      | Noticed Crazy Yiuf
  2459 | D:3      | Found a shimmering altar of Xom.
  2518 | D:3      | HP: 3/35 [something (1)]
  2519 | D:3      | HP: 1/35 [something (2)]
  2520 | D:3      | Killed from afar by an orc wizard

Vanquished Creatures
  An orc wizard (D:2)
  2 adders
  4 dart slugs
  6 orcs
  4 bats (D:1)
  6 endoplasms (D:1)
  2 giant cockroaches (D:1)
  2 goblins (D:1)
  5 hobgoblins
  4 jackals (D:2)
  6 kobolds
  A quokka (D:1)
  2 ball pythons (D:1)
  A frilled lizard (D:2)
  4 rats
50 creatures vanquished.

Vanquished Creatures (others)
  An angel (D:3)
  A fungus (D:2)
2 creatures vanquished.

Grand Total: 52 creatures vanquished

Table legend: (Time is in decaauts)
 A = Elapsed time spent in this place.
 B = Non-inter-level travel time spent in this place.
 C = Inter-level travel time spent in this place.
 D = Time resting spent in this place.
 E = Time spent auto-exploring this place.
 F = Levels seen in this place.
 G = Mean time per level.
                   A        B        C        D        E       F      G
               +--------+--------+--------+--------+--------+-----+--------+
         Total |   2521 |   2443 |     78 |    600 |   1292 |   3 |  840.3 |
       Dungeon |   2521 |   2443 |     78 |    600 |   1292 |   3 |  840.3 |
               +--------+--------+--------+--------+--------+-----+--------+

Top non-repeatable levels by time:
     D:2: 946 daAuts
     D:1: 918 daAuts
     D:3: 656 daAuts

Table legend:
 A = Non-vault XP
 B = Vault XP
 C = Vault XP percentage of total XP
 D = Non-vault monster count
 E = Vault monster count
 F = Vault count percentage of total count
                 A         B        C        D         E       F
            +---------+---------+-------+---------+---------+-------
      Total |     153 |       4 |   2.5 |      49 |       1 |   2.0
            +---------+---------+-------+---------+---------+-------
        D:1 |      49 |       0 |   0.0 |      27 |       0 |   0.0
        D:2 |      76 |       0 |   0.0 |      15 |       0 |   0.0
        D:3 |      28 |       4 |  12.5 |       7 |       1 |  12.5
            +---------+---------+-------+---------+---------+-------
